[Event "Early-Titled-Tuesday-Blitz-March-19-2024"]
[Site "Chess.com"]
[Date "2024.03.19"]
[Round "3"]
[White "ArmanGhevondyanchess"]
[Black "ZenBull"]
[Result "1-0"]
[WhiteElo "2584"]
[BlackElo "2299"]
[TimeControl "180+1"]
[EndTime "8:28:10 PDT"]
[Termination "ArmanGhevondyanchess won by resignation"]

1. Nf3 d5 2. d4 Nc6 3. g3 Bg4 4. Bg2 e6 5. Ne5 Nxe5 6. dxe5 Bh5 7. O-O Bc5 8. c4 c6 9. Qc2 Bb6 10. Nc3 Ne7 11. Kh1 O-O 12. f4 Bg6 13. e4 dxe4 14. Nxe4 Nf5 15. c5 Ba5 16. Qa4 Bc7 17. Nd6 Bxd6 18.
cxd6 h5 19. Bd2 Nh6 20. h3 Qd7 21. Rac1 a6 22. Ba5 Bf5 23. Bc7 f6 24. Qd1 Bg6 25.
g4 fxe5 26. gxh5 Bf5 27. fxe5 Nf7 28. Qd4 Nh6 29. Kh2 Rf7 30. Rf2 Raf8 31. Rcf1 Qc8 32. Ba5 Rd7 33. Bd2 Qe8 34. Qh4 Rff7 35. Bg5 Qc8 36.
Be7 Qe8 37. Be4 Bxe4 38. Rxf7 Nxf7 39. Qxe4 Nh6 40. Qh4 Kh7 41. Rf8 Rxe7 42. dxe7 Qd7 43. e8=Q Qd2+ 44. Kg1 Qd1+ 45. Kg2 Qd2+ 46. Rf2 Qd5+ 47.
Kh2 Nf5 48. Qg6+ Kh8 49. Rxf5 exf5 50. Qg2 Qxe5+ 51. Qhg3 Qf6 52. Qf4 Kh7 53. Qg6+ 1-0

[Event "Early-Titled-Tuesday-Blitz-March-19-2024"]
[Site "Chess.com"]
[Date "2024.03.19"]
[Round "3"]
[White "ChessSwole"]
[Black "Shield12"]
[Result "0-1"]
[WhiteElo "2713"]
[BlackElo "2940"]
[TimeControl "180+1"]
[EndTime "8:28:11 PDT"]
[Termination "Shield12 won by resignation"]

1. d4 Nf6 2. Nc3 d5 3. Bf4 e6 4. Nb5 Bb4+ 5. c3 Ba5 6. e3 a6 7.
Na3 Ne4 8. Bd3 Qe7 9. Nb1 Nd7 10. Nd2 Nxd2 11. Qxd2 e5 12. dxe5 Nxe5 13. Be2 c6 14.
Nf3 Ng6 15. Bg3 O-O 16. O-O Re8 17. Qc2 Bb6 18. c4 d4 19. c5 Bxc5 20. exd4 Qxe2 21. Qxc5 Qxb2 22. h4 Qb5 23. Qd6 h6 24. Rab1 Qh5 25. Ne5 Nxh4 26. Rfe1 Nf5 27. Qc7 Nxd4 28. Nc4 Ne2+ 29.
Rxe2 Qxe2 30. Nd6 Rf8 31. Nxc8 Raxc8 32. Qxb7 Qxa2 33. Bd6 Rfd8 34. Rc1 Qd2 35. Ba3 c5 36. Qxa6 c4 37. Rxc4 Qe1+ 38. Kh2 Rxc4 39. Qxc4 Qxf2 40. Be7 Re8 41. Bh4 Qe2 42. Qa4 Qe4 0-1

[Event "Early-Titled-Tuesday-Blitz-March-19-2024"]
[Site "Chess.com"]
[Date "2024.03.19"]
[Round "3"]
[White "LiadCuba"]
[Black "AryanTari"]
[Result "0-1"]
[WhiteElo "2567"]
[BlackElo "3002"]
[TimeControl "180+1"]
[EndTime "8:28:11 PDT"]
[Termination "AryanTari won by resignation"]

1. d4 d5 2. c4 e6 3. Nc3 c5 4. cxd5 cxd4 5. Qa4+ Bd7 6. Qxd4 exd5 7. Nf3 Nf6 8. Nxd5 Qa5+ 9. Nc3 Nc6 10. Qa4 Qxa4 11. Nxa4 Nb4 12. Nc3 Nc2+ 13. Kd1 Nxa1 14. Bg5 Ng4 15. Bh4 Be7 16. Bg3 Rc8 17. h3 Nf6 18. e3 O-O 19. Bd3 Rfd8 20. Ke2 Bb4 21. Rxa1 Bxc3 22. bxc3 Rxc3 23. Rd1 Rxd3 24. Rxd3 Bb5 25.
Nd4 Bxd3+ 26. Kxd3 Rc8 27. e4 a6 28. Bf4 g6 29. Nb3 Nd7 30. Bd6 f6 31. f4 Kf7 32.
Ba3 b6 33. g4 g5 34. fxg5 fxg5 35. Kd4 Ke6 36. Bc1 Ne5 37. Ke3 Rc3+ 38. Ke2 Rxh3 39.
Bxg5 Nxg4 40. Bf4 Nf6 41. Nd4+ Kf7 42. e5 Nd5 43. e6+ Kg6 44. Nc6 Nxf4+ 45. Kf2 Nxe6 46. Ne5+ Kf5 0-1

[Event "Early-Titled-Tuesday-Blitz-March-19-2024"]
[Site "Chess.com"]
[Date "2024.03.19"]
[Round "3"]
[White "AwareIdea"]
[Black "Jahonas"]
[Result "1-0"]
[WhiteElo "2520"]
[BlackElo "2347"]
[TimeControl "180+1"]
[EndTime "8:28:11 PDT"]
[Termination "AwareIdea won by checkmate"]

1. d4 Nf6 2. Bf4 g6 3. e3 d5 4.
Nc3 Bg7 5. h4 h5 6. Nf3 c6 7.
Ne5 Nbd7 8. Bd3 Nxe5 9. Bxe5 Bf5 10. Bxf5 gxf5 11. Qf3 e6 12. Bxf6 Bxf6 13. O-O-O Qd6 14.
Kb1 O-O-O 15. g3 Rdg8 16. Ne2 Bd8 17. Nf4 Rg4 18. Rc1 Bc7 19. c4 dxc4 20. Rxc4 Qd7 21. Nd3 Qd5 22. Qxd5 cxd5 23. Rc2 Kb8 24. Rhc1 Bd6 25.
b4 Rgg8 26. Kb2 b6 27. Rc6 Rd8 28. Kb3 Kb7 29. a4 Rd7 30. b5 Rg8 31. a5 bxa5 32.
Ka4 Ra8 33. Kxa5 Bc7+ 34. Ka4 Bb6 35. Nc5+ Bxc5 36. dxc5 Rc7 37. Ra6 Rac8 38. Kb4 Kb8 39. c6 Rd8 40. Kc5 d4 41. exd4 Rd5+ 42. Kc4 Rc8 43.
Rca1 Rcd8 44. Rxa7 Rxd4+ 45. Kc5 R8d5+ 46. Kb6 Rb4 47.
Ra8# 1-0

[Event "Early-Titled-Tuesday-Blitz-March-19-2024"]
[Site "Chess.com"]
[Date "2024.03.19"]
[Round "3"]
[White "yaguigor"]
[Black "Flaccidmoves"]
[Result "0-1"]
[WhiteElo "2559"]
[BlackElo "2436"]
[TimeControl "180+1"]
[EndTime "8:28:12 PDT"]
[Termination "Flaccidmoves won by resignation"]

1. e4 Nf6 2. e5 Nd5 3. d4 d6 4.
Nf3 dxe5 5. Nxe5 c6 6. Be2 Bf5 7.
O-O Nd7 8. Nf3 e6 9. c4 N5f6 10. Nc3 Bd6 11. Nh4 Bg6 12. Nxg6 hxg6 13. g3 e5 14. c5 Bc7 15. dxe5 Nxe5 16. Be3 Qc8 17. f3 Qh3 18. Rf2 Rd8 19. Qf1 Qxf1+ 20. Bxf1 O-O 21. b4 Nd3 22. Bxd3 Rxd3 23. Nd1 Nd5 24. Bd2 Be5 25. Rb1 Bd4 26. Be1 Re8 27. Kf1 Bxf2 28. Kxf2 f5 29. h4 f4 30. g4 Ne3 31. Nb2 Ra3 32.
Kg1 Rxa2 33. Bc3 Nd5 34. Be1 Re2 35. Nc4 Rg2+ 36. Kf1 Rh2 37. Kg1 Rag2+ 38. Kf1 Ne3+ 39. Nxe3 fxe3 0-1

[Event "Early-Titled-Tuesday-Blitz-March-19-2024"]
[Site "Chess.com"]
[Date "2024.03.19"]
[Round "3"]
[White "aistrel"]
[Black "DvaHrasta"]
[Result "1-0"]
[WhiteElo "2663"]
[BlackElo "2457"]
[TimeControl "180+1"]
[EndTime "8:28:13 PDT"]
[Termination "aistrel won on time"]

1. d4 Nf6 2. Bf4 d5 3. e3 e6 4. Nc3 Bd6 5. Nf3 O-O 6. Ne5 b6 7. Bd3 c5 8. Qf3 Bxe5 9. dxe5 Nfd7 10. Nxd5 Bb7 11. Ne7+ Qxe7 12. Qxb7 c4 13. Qxa8 cxd3 14. O-O dxc2 15. Rac1 Qc5 16. Qxa7 Rc8 17. Qa4 b5 18.
Qb3 Nb6 19. Rfe1 Nd5 20. a3 Nxf4 21. exf4 Qc4 22. Qxc4 Rxc4 23. Re2 1-0

[Event "Early-Titled-Tuesday-Blitz-March-19-2024"]
[Site "Chess.com"]
[Date "2024.03.19"]
[Round "3"]
[White "Bauman_Guy"]
[Black "axvesik"]
[Result "1-0"]
[WhiteElo "2922"]
[BlackElo "2563"]
[TimeControl "180+1"]
[EndTime "8:28:15 PDT"]
[Termination "Bauman_Guy won on time"]

1. e4 e6 2. d4 d5 3. Nc3 Bb4 4. e5 c5 5. a3 Bxc3+ 6. bxc3 Ne7 7.
Qg4 cxd4 8. Bd3 Qa5 9. Ne2 O-O 10.
h4 Nbc6 11. f4 f6 12. O-O Bd7 13. cxd4 fxe5 14. dxe5 Nf5 15. Kh2 Rac8 16. h5 Nce7 17. a4 Bxa4 18. Ba3 Rf7 19. Bxe7 Rxe7 20. Bxf5 exf5 21.
Qg5 Rf7 22. h6 Rxc2 23. Nd4 Rc8 24. Nxf5 g6 25. Ne7+ Rxe7 26. Qxe7 1-0

[Event "Early-Titled-Tuesday-Blitz-March-19-2024"]
[Site "Chess.com"]
[Date "2024.03.19"]
[Round "3"]
[White "SAInt_666"]
[Black "GMBenjaminBok"]
[Result "0-1"]
[WhiteElo "2744"]
[BlackElo "2973"]
[TimeControl "180+1"]
[EndTime "8:28:16 PDT"]
[Termination "GMBenjaminBok won by resignation"]

1. e4 c5 2. Nf3 d6 3. Bb5+ Nd7 4. O-O a6 5. Bxd7+ Bxd7 6. c3 Bg4 7. h3 Bh5 8. d4 e6 9. Re1 Ne7 10. d5 e5 11. b4 Qc7 12. Nbd2 Rc8 13. a4 cxb4 14.
cxb4 Qc2 15. Ba3 Qxd1 16. Rexd1 Kd7 17. Rdc1 Bxf3 18. Nxf3 Rxc1+ 19. Rxc1 g6 20. Kf1 Bh6 21. Rc2 f5 22. exf5 gxf5 23. g4 fxg4 24. hxg4 Rg8 25. Rc4 b5 26. axb5 axb5 27. Re4 Nxd5 28. g5 Bxg5 29.
Rg4 h6 0-1

[Event "Early-Titled-Tuesday-Blitz-March-19-2024"]
[Site "Chess.com"]
[Date "2024.03.19"]
[Round "3"]
[White "davidkalashian"]
[Black "Al_Shima"]
[Result "1-0"]
[WhiteElo "2656"]
[BlackElo "2447"]
[TimeControl "180+1"]
[EndTime "8:28:17 PDT"]
[Termination "davidkalashian won on time"]

1. d4 Nf6 2. c4 e6 3. Nf3 b6 4. g3 Bb7 5. Bg2 Bb4+ 6. Nc3 O-O 7.
O-O Re8 8. Na4 Be7 9. Re1 d6 10. Nc3 Ne4 11. Qc2 Nxc3 12. Qxc3 Nd7 13. e4 e5 14. d5 c6 15. Be3 Rc8 16. Qd2 cxd5 17.
cxd5 Nc5 18. Bxc5 Rxc5 19. Rec1 Bf6 20. b4 Rxc1+ 21. Rxc1 Qd7 22. Bf1 Rc8 23. h4 h6 24.
b5 Qg4 25. Rxc8+ Qxc8 26. Qb4 Be7 27. Nxe5 Qc2 28. Nc6 Bf8 29. a4 f5 30. exf5 Qxf5 31. Qf4 Qc2 32. Kh2 a6 33. Bh3 axb5 34. Be6+ Kh7 35. Bf5+ 1-0

[Event "Early-Titled-Tuesday-Blitz-March-19-2024"]
[Site "Chess.com"]
[Date "2024.03.19"]
[Round "3"]
[White "nekotyanof"]
[Black "AsaHoffmann"]
[Result "1-0"]
[WhiteElo "2650"]
[BlackElo "2444"]
[TimeControl "180+1"]
[EndTime "8:28:17 PDT"]
[Termination "nekotyanof won by resignation"]

1. e4 d6 2. d4 c6 3. Nc3 a6 4. a4 Nf6 5. Nf3 Bg4 6. h3 Bh5 7. g4 Bg6 8. Bd3 e6 9. h4 d5 10. e5 Nfd7 11. h5 Bxd3 12. Qxd3 h6 13. Ne2 c5 14. c3 Nc6 15. Bd2 Qb6 16. O-O cxd4 17. cxd4 Be7 18. Kg2 O-O-O 19. a5 Qb5 20. Qxb5 axb5 21.
Rfc1 Kb8 22. a6 Rc8 23. Nc3 bxa6 24. Rxa6 Kb7 25. Rca1 b4 26. Nb5 Ra8 27. Rxa8 Rxa8 28. Rxa8 Kxa8 29. Nc7+ Kb7 30. Ne8 Bf8 31. g5 Nb6 32.
gxh6 gxh6 33. Nd6+ Bxd6 34. exd6 Nc4 35. Bxh6 Nxb2 36.
Bc1 Nd3 37. h6 Nxc1 38. h7 b3 39. h8=Q b2 40. Qh7 Nd8 41. Qb1 1-0

[Event "Early-Titled-Tuesday-Blitz-March-19-2024"]
[Site "Chess.com"]
[Date "2024.03.19"]
[Round "3"]
[White "le-castor-faineant"]
[Black "JonaszBaum"]
[Result "0-1"]
[WhiteElo "2292"]
[BlackElo "2737"]
[TimeControl "180+1"]
[EndTime "8:28:18 PDT"]
[Termination "JonaszBaum won by checkmate"]

1. e4 c5 2. Nf3 Nc6 3. Nc3 e5 4. Bc4 Be7 5. d3 d6 6. Be3 a6 7. a4 Nf6 8. h3 O-O 9. O-O Nd4 10. Nd5 Be6 11. c3 Bxd5 12. Bxd5 Nxd5 13. exd5 Nf5 14. c4 g6 15. Nd2 Ng7 16. Bh6 f5 17. Rb1 a5 18.
Qc2 Bg5 19. Bxg7 Kxg7 20. Nf3 Bf6 21. b3 g5 22. Nh2 h5 23. d4 exd4 24. Qxf5 Be5 25.
Qd3 Qf6 26. Rbe1 Qf5 27. Qd1 Kg6 28. f3 Qf4 29. Qc2+ Kg7 30. Ng4 hxg4 31. fxg4 Qh2# 0-1

[Event "Early-Titled-Tuesday-Blitz-March-19-2024"]
[Site "Chess.com"]
[Date "2024.03.19"]
[Round "3"]
[White "DonkyDonkyDonkey"]
[Black "Mikhail_Bryakin"]
[Result "1-0"]
[WhiteElo "2975"]
[BlackElo "2753"]
[TimeControl "180+1"]
[EndTime "8:28:20 PDT"]
[Termination "DonkyDonkyDonkey won by resignation"]

1. e4 e6 2. d4 d5 3. e5 c5 4. c3 Nc6 5. Nf3 Qb6 6. Bd3 Nh6 7. O-O cxd4 8. cxd4 Nf5 9. Nc3 g6 10. Re1 h5 11. Bg5 Be7 12. Qd2 Bd7 13. Rac1 a6 14. Bxe7 Ncxe7 15. Qf4 h4 16. h3 Rh5 17. b3 Rc8 18.
Ne2 Rxc1 19. Rxc1 Bb5 20. Bxb5+ Qxb5 21. Qd2 Nc6 22. Nf4 Rh8 23. Nd3 Qb6 24. Nc5 Rh5 25.
a3 Nd8 26. Nh2 Ke7 27. Ng4 Nc6 28. Nf6 Ncxd4 29. Nxh5 gxh5 30. Qg5+ Ke8 31. Qxh5 Qc6 32. Nd3 Qd7 33. Qh8+ Ke7 34. Rc8 Ne2+ 35. Kh2 1-0

[Event "Early-Titled-Tuesday-Blitz-March-19-2024"]
[Site "Chess.com"]
[Date "2024.03.19"]
[Round "3"]
[White "temus_galaktionov"]
[Black "RedFirePanda"]
[Result "1-0"]
[WhiteElo "2867"]
[BlackElo "2541"]
[TimeControl "180+1"]
[EndTime "8:28:20 PDT"]
[Termination "temus_galaktionov won by resignation"]

1. d3 d5 2. Nf3 Nf6 3. b3 Bf5 4. Bb2 e6 5. h3 h6 6. Nbd2 Be7 7. g4 Bh7 8. Bg2 c6 9. O-O O-O 10. c4 Nbd7 11. Re1 Re8 12. a3 Qc7 13. b4 a5 14. Qb3 a4 15. Qc3 Bf8 16. e4 dxe4 17. dxe4 e5 18. Nh4 Rad8 19. Nf5 c5 20. b5 Nb6 21.
Ne3 Rd4 22. Nd5 Nfxd5 23. cxd5 c4 24. Qc1 Bc5 25. Bxd4 Bxd4 26. Ra2 c3 27. Nf3 Nc4 28. Rd1 Qc5 29. Nxd4 exd4 30. Qc2 Nxa3 31. Qd3 Nxb5 32. f3 Rc8 33. Bf1 Nd6 34. Rxa4 c2 35. Rc1 Nxe4 36.
fxe4 Bxe4 37. Qxd4 Qd6 38. Qxe4 Qg3+ 39. Bg2 Qc3 40. Ra2 Qc5+ 41. Kh1 Qf2 42. Raxc2 Rxc2 43. Qxc2 Qf4 44. Rd1 Qe3 45. d6 Qxh3+ 1-0

[Event "Early-Titled-Tuesday-Blitz-March-19-2024"]
[Site "Chess.com"]
[Date "2024.03.19"]
[Round "3"]
[White "DenLaz"]
[Black "GnowReopard"]
[Result "1-0"]
[WhiteElo "3078"]
[BlackElo "2807"]
[TimeControl "180+1"]
[EndTime "8:28:22 PDT"]
[Termination "DenLaz won by resignation"]

1. d4 Nf6 2. c4 g6 3. g3 Bg7 4. Bg2 d5 5. cxd5 Nxd5 6. Nf3 Nb6 7. Nc3 Nc6 8. e3 O-O 9. O-O Re8 10. Re1 a5 11. h3 a4 12. Qc2 Be6 13. Rd1 Nb4 14. Qb1 Bc4 15. a3 N4d5 16. Nd2 Ba6 17.
Nde4 Nxc3 18. bxc3 Bc4 19. Nc5 Nd5 20. Nxb7 Qc8 21. Nc5 Nxc3 22. Qc2 Nxd1 23. Qxc4 Ra5 24. Bd2 Nb2 25. Qb4 Rxc5 26. Qxc5 Qe6 27. Qc2 Nc4 28. Qxa4 Rb8 29. Bb4 Nxe3 30. Re1 Bxd4 31. fxe3 Bxe3+ 32. Kh1 Qb6 33. Qb3 Bg5 34. Qc4 e6 35. Rf1 Qe3 36.
Qxc7 1-0

[Event "Early-Titled-Tuesday-Blitz-March-19-2024"]
[Site "Chess.com"]
[Date "2024.03.19"]
[Round "3"]
[White "Igor_Lysyj"]
[Black "2KTNGO"]
[Result "1-0"]
[WhiteElo "2797"]
[BlackElo "2524"]
[TimeControl "180+1"]
[EndTime "8:28:23 PDT"]
[Termination "Igor_Lysyj won on time"]

1. d4 Nf6 2. c4 Nc6 3. Nf3 e6 4. g3 Bb4+ 5. Bd2 Qe7 6. a3 Bxd2+ 7. Qxd2 d5 8. Bg2 O-O 9. Qc3 Ne4 10. Qd3 f5 11. O-O a5 12. Nc3 Rd8 13. Rac1 Ra6 14.
Rfd1 Rb6 15. Na4 Ra6 16. Qc2 Ra8 17. e3 Bd7 18. cxd5 exd5 19. Nc5 Nxc5 20. Qxc5 Qxc5 21.
Rxc5 h6 22. Rxd5 Be6 23. Rc5 Rd6 24. Rdc1 Rf8 25. Nh4 g5 26. Ng6 Rf6 27. Ne5 f4 28. Nxc6 bxc6 29. Rxc6 fxe3 30. fxe3 Bb3 31. Rxc7 Rfe6 32.
R1c3 a4 33. Ra7 Re8 34. Ra8 Rxa8 35. Bxa8 Kg7 36. Be4 Re6 37. Bf5 Rf6 38. e4 1-0

[Event "Early-Titled-Tuesday-Blitz-March-19-2024"]
[Site "Chess.com"]
[Date "2024.03.19"]
[Round "3"]
[White "ViIIagra"]
[Black "GodzillaChessYoutube"]
[Result "1-0"]
[WhiteElo "2918"]
[BlackElo "2662"]
[TimeControl "180+1"]
[EndTime "8:28:24 PDT"]
[Termination "ViIIagra won on time"]

1. g3 d5 2. Bg2 Bf5 3. d3 Nc6 4. Nf3 e5 5. O-O Qd7 6. Nc3 Nf6 7. Bg5 d4 8. Nb5 a6 9. Na3 Bxa3 10. bxa3 Bh3 11.
e4 dxe3 12. Bxf6 exf2+ 13. Rxf2 gxf6 14. Bxh3 Qxh3 15. Rb1 O-O-O 16. Nh4 Rhg8 17. Qh5 Rg5 18. Qxh7 Nd4 19. Qe4 c6 20. Rxf6 Rg4 21. Qg2 Rxh4 22. gxh4 Qxh4 23. Rxf7 Qh5 24. Rfxb7 Ne2+ 25. Kh1 Rd5 26.
Qg8+ 1-0

[Event "Early-Titled-Tuesday-Blitz-March-19-2024"]
[Site "Chess.com"]
[Date "2024.03.19"]
[Round "3"]
[White "martinmena"]
[Black "Joachim100x"]
[Result "0-1"]
[WhiteElo "2272"]
[BlackElo "2510"]
[TimeControl "180+1"]
[EndTime "8:28:24 PDT"]
[Termination "Joachim100x won by resignation"]

1. c4 e6 2. g3 d5 3. Bg2 Nf6 4.
Nf3 Be7 5. O-O O-O 6. d4 dxc4 7. Qc2 a6 8. a4 Bd7 9. Qxc4 Bc6 10. Bg5 a5 11.
Nc3 Bxf3 12. Bxf3 c6 13. e4 Na6 14. Rad1 Nb4 15. Na2 Nxa2 16. Qxa2 h6 17. Bf4 Qb6 18. Qc4 Rfd8 19. b3 Qb4 20. Rd3 Rd7 21. Rc1 Rad8 22. Qxb4 Bxb4 23. Rc4 g5 24. Be3 e5 25. Rd1 Kg7 26. h3 Kg6 27. Kg2 h5 28. dxe5 Rxd1 29. Bxd1 Rxd1 30. exf6 Kxf6 31. Rd4 Rxd4 32. Bxd4+ Ke6 33.
f4 g4 34. hxg4 hxg4 35. f5+ Kd6 36. Kf2 b5 37. axb5 cxb5 38. Ke3 Bc5 39. Bxc5+ Kxc5 40. Kd3 f6 41. Kc3 a4 42. b4+ Kd6 43. Kd4 a3 44. Kc3 Ke5 45. Kb3 Kxe4 46. Kxa3 Kxf5 47. Kb3 Ke4 48. Kc3 f5 0-1

[Event "Early-Titled-Tuesday-Blitz-March-19-2024"]
[Site "Chess.com"]
[Date "2024.03.19"]
[Round "3"]
[White "arenal72"]
[Black "BlueWizzard"]
[Result "1-0"]
[WhiteElo "2677"]
[BlackElo "2896"]
[TimeControl "180+1"]
[EndTime "8:28:26 PDT"]
[Termination "arenal72 won by resignation"]

1. Nf3 Nc6 2. e4 g6 3. d4 Bg7 4. c3 e6 5. Bd3 Nge7 6. h4 h6 7.
Bf4 d6 8. Nbd2 e5 9. Be3 d5 10. h5 exd4 11. Nxd4 g5 12. Nxc6 Nxc6 13. exd5 Ne5 14. Nf3 Bg4 15. Be2 Bxf3 16. Bxf3 Qd7 17.
Qb3 Nd3+ 18. Kd2 Ne5 19. Bd4 Nxf3+ 20. gxf3 Bxd4 21. Rae1+ Kf8 22. cxd4 Rd8 23. Re5 Qd6 24. Rhe1 Kg7 25. a3 c5 26. Qd3 Rd7 27. dxc5 Qxc5 28.
Qc3 Rc8 29. Rxg5+ 1-0

[Event "Early-Titled-Tuesday-Blitz-March-19-2024"]
[Site "Chess.com"]
[Date "2024.03.19"]
[Round "3"]
[White "Crazy_girl99"]
[Black "VitaliyBernadskiy"]
[Result "0-1"]
[WhiteElo "2609"]
[BlackElo "2869"]
[TimeControl "180+1"]
[EndTime "8:28:27 PDT"]
[Termination "VitaliyBernadskiy won by resignation"]

1. e4 Nc6 2. Nf3 d5 3. exd5 Qxd5 4. Nc3 Qh5 5. Be2 Bg4 6. h3 O-O-O 7. d3 Nf6 8. Be3 e5 9. Rg1 Bd7 10. Nd4 Qg6 11.
Nxc6 Bxc6 12. Qd2 Bb4 13. a3 Ne4 14. axb4 Nxd2 15. Rxa7 Nf3+ 16. Bxf3 Bxf3 17. Kd2 Kd7 18. Ra5 Rhe8 19. Na4 b6 20. Ra7 Kc8 21. Nc3 Bb7 22.
g4 f5 23. f3 f4 24. Bf2 Qc6 25. Ne4 Qb5 26. Kc3 Re6 27. Rga1 Bxe4 28. fxe4 Rc6+ 29. Kb3 Rxd3+ 30. cxd3 Qxd3+ 31. Ka2 Qxe4 32. Rd1 Qc4+ 33. Ka1 Qxb4 34. Bh4 Kb8 35. Ra3 Kb7 36. Rd8 Rc1+ 37. Ka2 Qc4+ 38. Rb3 Ra1+ 39. Kxa1 Qxb3 40. Re8 Qa4+ 0-1

[Event "Early-Titled-Tuesday-Blitz-March-19-2024"]
[Site "Chess.com"]
[Date "2024.03.19"]
[Round "3"]
[White "Kiborg95"]
[Black "HajiyevKanan"]
[Result "1-0"]
[WhiteElo "2783"]
[BlackElo "2518"]
[TimeControl "180+1"]
[EndTime "8:28:28 PDT"]
[Termination "Kiborg95 won on time"]

1. e4 c6 2. d4 d5 3. e5 a6 4. Be3 Qb6 5. Nd2 h5 6. Nb3 Bf5 7. Be2 h4 8. a4 e6 9. a5 Qc7 10. Bd3 Bxd3 11. cxd3 Bb4+ 12. Bd2 Bxd2+ 13. Qxd2 Ne7 14.
Nf3 Nf5 15. O-O Nd7 16. Rfc1 Qd8 17. Ra4 f6 18. Nc5 Nxc5 19. dxc5 Qe7 20. h3 O-O-O 21.
Rg4 d4 22. b4 Rd5 23. Re1 Qc7 24. Qf4 g5 25. Qh2 Nh6 26. Rxd4 g4 27. Rxd5 exd5 28.
hxg4 Nxg4 29. Qh3 f5 30. Nd4 Qf7 31. f3 Nh6 32. Qxh4 Qg7 33. e6 Ng4 34. Nxf5 Rxh4 35.
Nxg7 Rh7 36. fxg4 Rxg7 37. e7 1-0

[Event "Early-Titled-Tuesday-Blitz-March-19-2024"]
[Site "Chess.com"]
[Date "2024.03.19"]
[Round "3"]
[White "GMG"]
[Black "MaxLeto"]
[Result "1-0"]
[WhiteElo "2779"]
[BlackElo "2511"]
[TimeControl "180+1"]
[EndTime "8:28:29 PDT"]
[Termination "GMG won by checkmate"]

1. d4 h5 2. e4 h4 3. Nc3 d6 4. h3 e5 5. Nf3 Nc6 6. Bb5 exd4 7. Qxd4 Rh5 8. Bf4 Rxb5 9. Qc4 Rxb2 10. O-O-O Rb4 11.
Qe2 Be6 12. a3 Rb6 13. Rhe1 Qd7 14. Be3 Ra6 15. Ng5 O-O-O 16. f4 f6 17. Nf3 Rxa3 18. Kb2 Ra5 19. Ra1 Kb8 20. Bf2 d5 21. Red1 Qf7 22.
f5 Bc8 23. exd5 Ne5 24. Rxa5 Nxf3 25. Bxa7+ Ka8 26. Qb5 c6 27. Bb6+ Kb8 28. Ra8+ Kxa8 29. Qa5+ Kb8 30. Qa7# 1-0

[Event "Early-Titled-Tuesday-Blitz-March-19-2024"]
[Site "Chess.com"]
[Date "2024.03.19"]
[Round "3"]
[White "esrosenberg"]
[Black "Kostukov_Alex"]
[Result "1-0"]
[WhiteElo "2444"]
[BlackElo "2247"]
[TimeControl "180+1"]
[EndTime "8:28:29 PDT"]
[Termination "esrosenberg won by resignation"]

1. d4 g6 2. e4 c5 3. d5 d6 4. Nc3 Bg7 5. Bb5+ Bd7 6. a4 Nf6 7. Nf3 O-O 8. O-O Na6 9. Be2 Nc7 10.
h3 a6 11. a5 Nb5 12. Nd2 Ne8 13. Na4 Qxa5 14. Nc4 Qd8 15. Nab6 Rb8 16. Nxd7 Qxd7 17.
c3 Qd8 18. f4 Nbc7 19. Bf3 e6 20. f5 exd5 21. exd5 Qh4 22. Qd3 Nb5 23. Be3 Qd8 24. Rae1 Nf6 25. Bg5 h6 26. Bh4 g5 27. Bg3 Qc7 28. Re2 Nd7 29. Rfe1 f6 30. Re7 Rf7 31. Rxf7 Kxf7 32. Re6 Ne5 33. Nxe5+ dxe5 34. d6 Qd8 35. Qd5 Kf8 36. Bh5 Nc7 37. dxc7 Qxc7 38. Rd6 1-0

[Event "Early-Titled-Tuesday-Blitz-March-19-2024"]
[Site "Chess.com"]
[Date "2024.03.19"]
[Round "3"]
[White "KNVB"]
[Black "mishanick"]
[Result "0-1"]
[WhiteElo "2824"]
[BlackElo "3126"]
[TimeControl "180+1"]
[EndTime "8:28:30 PDT"]
[Termination "mishanick won on time"]

1. d4 Nf6 2. Bf4 d5 3. e3 c5 4. c3 Nc6 5. Nd2 e6 6. Ngf3 Bd6 7. Bg3 O-O 8. Bd3 Qe7 9. Ne5 Nd7 10. Nxd7 Qxd7 11. Bxd6 Qxd6 12. f4 cxd4 13. cxd4 Bd7 14. a3 f6 15. Qh5 h6 16. Qg6 Ne7 17. Qg3 Qb6 18. Rb1 Bb5 19. Bxb5 Qxb5 20. Qg4 Nf5 21. Qe2 Qa4 22. O-O Rac8 23. Rfc1 Rc2 24. Qd3 Rfc8 25.
Rxc2 Qxc2 26. Qxc2 Rxc2 27. Nf1 Nd6 28. a4 Nc4 29. b3 Nd6 30. h3 Ne4 31. Kh2 Kf7 32.
Ng3 Nc3 33. Re1 Rb2 34. f5 Rxb3 35. fxe6+ Kxe6 36. a5 g6 37. Rc1 f5 38. Kg1 h5 39.
Kf1 h4 40. Ne2 Nxe2 41. Kxe2 f4 42. exf4 Kf5 43. Rc5 Ke4 44. Rc7 Rb2+ 45. Kf1 Kxf4 46. a6 bxa6 47. Rxa7 Ra2 48. Re7 Kg3 49. Re3+ Kh2 50.
Re5 Rxg2 51. Rxd5 Kxh3 52. Rd6 g5 53. Rxa6 g4 54. Ra3+ g3 55. Rd3 Ra2 56. d5 Kh2 0-1

[Event "Early-Titled-Tuesday-Blitz-March-19-2024"]
[Site "Chess.com"]
[Date "2024.03.19"]
[Round "3"]
[White "HansOnTwitch"]
[Black "MightyGMpretender"]
[Result "1-0"]
[WhiteElo "3078"]
[BlackElo "2802"]
[TimeControl "180+1"]
[EndTime "8:28:30 PDT"]
[Termination "HansOnTwitch won on time"]

1. e4 c6 2. d4 d5 3. e5 Bf5 4.
Nf3 e6 5. Be2 Bg6 6. O-O Nh6 7.
Nbd2 Be7 8. Nb3 O-O 9. h3 Nd7 10.
Bxh6 gxh6 11. Qd2 Kg7 12. c3 f6 13. exf6+ Bxf6 14. Rae1 Qc7 15. Bd3 Rae8 16. Bxg6 hxg6 17. Re2 e5 18. dxe5 Nxe5 19. Nxe5 Rxe5 20. Rxe5 Bxe5 21.
Re1 Rf7 22. Nd4 Qd6 23. Re2 Qf6 24. Nf3 Bc7 25. Qe1 Qf4 26. Re6 Bb6 27. Kh1 g5 28. b4 Qf5 29. Re5 Qc2 30. Re2 Qf5 31. a4 a5 32. Re8 axb4 33. cxb4 Qd7 34. Qe5+ Kg6 35. Rg8+ Rg7 36. Re8 Bc7 37. Re6+ Kf7 38. Qf6+ Kg8 39. Qxh6 g4 40. Nd4 gxh3 41. g3 1-0

[Event "Early-Titled-Tuesday-Blitz-March-19-2024"]
[Site "Chess.com"]
[Date "2024.03.19"]
[Round "3"]
[White "Oleksandr_Bortnyk"]
[Black "Gabix_94"]
[Result "1-0"]
[WhiteElo "3045"]
[BlackElo "2772"]
[TimeControl "180+1"]
[EndTime "8:28:32 PDT"]
[Termination "Oleksandr_Bortnyk won by resignation"]

1. e4 c5 2. c3 d5 3. exd5 Qxd5 4. d4 Nc6 5. Be3 cxd4 6. cxd4 e6 7. Nc3 Qd6 8. Nf3 Nf6 9. Bd3 Be7 10. O-O O-O 11. a3 b6 12. Qe2 Bb7 13. Rad1 Rfd8 14. Bb1 Rac8 15. Rfe1 Na5 16. Ne5 g6 17. Bg5 Nh5 18. Bh6 Bf8 19. Bxf8 Qxf8 20. Ba2 Re8 21. Qg4 Ng7 22.
Rd3 Rcd8 23. Qf4 Nf5 24. g4 Qh6 25. Qxh6 Nxh6 26. h3 Kg7 27. Nb5 a6 28. Nc7 Re7 29. Rc1 Ng8 30. b4 f6 31. Nxe6+ Rxe6 32. Bxe6 fxe5 33. bxa5 1-0

[Event "Early-Titled-Tuesday-Blitz-March-19-2024"]
[Site "Chess.com"]
[Date "2024.03.19"]
[Round "3"]
[White "Eagle_2019"]
[Black "m_ezat"]
[Result "1-0"]
[WhiteElo "2867"]
[BlackElo "2599"]
[TimeControl "180+1"]
[EndTime "8:28:32 PDT"]
[Termination "Eagle_2019 won on time"]

1. c4 Nf6 2. Nc3 g6 3. g3 Bg7 4. Bg2 O-O 5. Nf3 c5 6. O-O d5 7.
cxd5 Nxd5 8. d3 Nxc3 9. bxc3 Bxc3 10. Rb1 Bf6 11. Bh6 Re8 12. Nd2 Qc7 13. Ne4 Bg7 14.
Bxg7 Kxg7 15. Qc1 Nd7 16. d4 c4 17. Qc3 Nb6 18. d5+ f6 19. d6 Qd7 20. Rfd1 Qe6 21.
Nc5 Qf5 22. Nxb7 Bxb7 23. Bxb7 Rab8 24. Bc6 Nd5 25. Qc1 Nc3 26. Qxc3 1-0